AoeStats
← Legolars

Hill Fort

505080815Analyzed
4v4 RM · 25d ago on Sep 7, 2026· 78m 5s· 8 players
Game mode
Random Map
Map size
Large (8 player)
Population
200
Speed
Normal
Resources
Standard
Victory
Conquest
Starting age
Dark Age
Ending age
Imperial Age
RankedLock teamsTeams togetherTeam positionsShared explorationLock speedFull tech treeHidden civsTurbo modeCheats
Victory
Defeat
🇺🇸 Spanish · United States
1054
+16
🇹🇷 Franks · Türkiye
1032
+17
🇫🇷 Bohemians · France
985
+19
🇷🇺 Berbers · Russia
924
+22
🇳🇴 Spanish · Norway
1079
-20
🇳🇴 Celts · Norway
1067
-19
🇳🇴 Khmer · Norway
1067
-19
🇳🇴 Bohemians · Norway
993
-16
The punisher 69
1:16 Loom
13:38 Feudal Age
14:07 Double-Bit Axe
14:55 Horse Collar
19:05 Wheelbarrow
18:16 Town Watch
21:45 Castle Age
20:24 Padded Archer Armor
23:20 Bow Saw
23:15 Heavy Plow
24:00 Leather Archer Armor
26:25 Chemistry
25:45 Ballistics
26:18 Hand Cart
35:19 Imperial Age
41:57 Houfnice
57:46 Caravan
HotHardFatherDaddy
12:11 Feudal Age
12:43 Double-Bit Axe
13:11 Horse Collar
16:48 Castle Age
17:54 Loom
19:34 Bow Saw
22:55 Town Watch
26:10 Redemption
31:26 Wheelbarrow
31:54 Padded Archer Armor
33:19 Hand Cart
34:27 Sanctity
34:05 Light Cavalry
34:46 Husbandry
34:53 Scale Barding Armor
34:58 Forging
38:09 Bloodlines
38:52 Inquisition
40:38 Heavy Plow
41:40 Chain Barding Armor
41:56 Iron Casting
44:54 Imperial Age
45:04 Cavalier
45:09 Hussar
46:26 Plate Barding Armor
46:51 Blast Furnace
47:13 Paladin
50:30 Chemistry
49:51 Ballistics
49:41 Masonry
51:05 Conscription
52:36 Fletching
54:43 Bombard Tower
54:53 Architecture
54:20 Murder Holes
54:36 Fortified Wall
56:18 Hoardings
56:53 Bodkin Arrow
57:14 Leather Archer Armor
58:32 Bracer
59:02 Ring Archer Armor
58:32 Bracer
58:25 Sappers
61:55 Caravan
62:45 Supremacy
64:26 Capped Ram
66:01 Siege Ram
71:53 Arrowslits
71:59 Guard Tower
74:41 Keep
75:15 Pikeman
75:56 Squires
Dzuk
10:45 Feudal Age
11:17 Horse Collar
11:24 Double-Bit Axe
19:25 Castle Age
19:28 Bloodlines
19:32 Forging
19:28 Scale Barding Armor
19:18 Gold Mining
20:11 Husbandry
20:46 Bow Saw
20:41 Heavy Plow
22:09 Town Watch
24:41 Iron Casting
24:20 Loom
25:11 Wheelbarrow
25:35 Town Patrol
25:34 Fletching
30:38 Light Cavalry
33:58 Imperial Age
31:47 Hand Cart
33:36 Chain Barding Armor
33:12 Bodkin Arrow
33:25 Kasbah
33:25 Stone Mining
34:06 Heavy Camel Rider
35:32 Crop Rotation
37:25 Blast Furnace
36:18 Hussar
38:20 Elite Camel Archer
39:18 Masonry
43:07 Hoardings
43:14 Plate Barding Armor
42:41 Bracer
R1D1
11:26 Feudal Age
12:34 Loom
16:47 Castle Age
15:05 Double-Bit Axe
15:44 Gold Mining
20:00 Bow Saw
20:32 Wheelbarrow
22:11 Hand Cart
22:39 Stone Mining
24:23 Town Watch
26:19 Gold Shaft Mining
27:00 Town Patrol
31:20 Imperial Age
28:58 Scale Barding Armor
30:33 Chain Barding Armor
30:50 Husbandry
32:27 Conscription
31:30 Cavalier
32:55 Paladin
34:54 Plate Barding Armor
34:30 Forging
35:34 Padded Archer Armor
35:25 Fletching
37:30 Iron Casting
40:58 Blast Furnace
40:14 Leather Archer Armor
39:49 Fletching
40:00 Scale Mail Armor
42:11 Chemistry
41:32 Ballistics
41:23 Masonry
41:18 Siege Engineers
43:42 Chivalry
44:18 Hoardings
45:53 Chain Mail Armor
45:34 Bodkin Arrow
46:11 Architecture
45:36 Murder Holes
47:57 Plate Mail Armor
48:04 Elite Skirmisher
57:09 Caravan
63:03 Squires
62:49 Arson
62:49 Gambesons
62:25 Pikeman
62:59 Light Cavalry
Randy Bobandy
11:54 Feudal Age
13:09 Double-Bit Axe
13:08 Horse Collar
20:37 Castle Age
19:15 Gold Mining
23:44 Bow Saw
24:48 Elite Skirmisher
25:28 Pikeman
32:00 Ballistics
32:48 Fletching
32:43 Treadmill Crane
33:07 Padded Archer Armor
35:10 Bodkin Arrow
42:42 Imperial Age
42:50 Imperial Age
43:14 Halberdier
45:30 Scale Mail Armor
47:10 Conscription
68:32 Chain Mail Armor
68:28 Forging
69:47 Wheelbarrow
69:18 Capped Ram
71:58 Iron Casting
72:24 Hand Cart
76:00 Plate Mail Armor
76:31 Blast Furnace
Legolars
10:49 Feudal Age
11:23 Horse Collar
11:28 Double-Bit Axe
14:13 Loom
18:39 Castle Age
17:52 Padded Archer Armor
17:50 Gold Mining
17:51 Stone Mining
19:40 Bow Saw
19:31 Heavy Plow
20:24 Wheelbarrow
21:36 Leather Archer Armor
24:31 Bloodlines
24:24 Husbandry
25:54 Hand Cart
33:21 Imperial Age
33:30 Imperial Age
31:40 Forging
31:35 Scale Barding Armor
33:51 Iron Casting
33:37 Chain Barding Armor
34:46 Cavalier
37:50 Blast Furnace
37:26 Plate Barding Armor
36:18 Pikeman
37:31 Conscription
43:43 Fletching
57:17 Two-Man Saw
58:44 Paladin
TorjusB
11:50 Feudal Age
14:35 Loom
17:04 Castle Age
15:07 Horse Collar
16:21 Double-Bit Axe
18:48 Heavy Plow
19:01 Bow Saw
23:58 Wheelbarrow
24:26 Town Watch
25:12 Fletching
27:29 Padded Archer Armor
27:24 Bodkin Arrow
29:18 Hand Cart
29:21 Crossbowman
32:25 Leather Archer Armor
36:23 Imperial Age
34:26 Ballistics
36:36 Chemistry
35:33 Murder Holes
35:48 Fortified Wall
35:50 Masonry
35:21 Treadmill Crane
36:39 Arson
36:55 Squires
36:15 Pikeman
37:22 Houfnice
38:33 Conscription
40:31 Two-Man Saw
39:58 Town Patrol
39:27 Arbalester
40:11 Bracer
40:41 Ring Archer Armor
40:23 Forging
40:14 Scale Mail Armor
40:19 Scale Barding Armor
40:05 Arrowslits
40:28 Siege Engineers
41:16 Halberdier
47:42 Bombard Tower
49:16 Iron Casting
48:56 Chain Mail Armor
52:09 Wagenburg Tactics
53:23 Blast Furnace
52:54 Plate Mail Armor
61:51 Arrowslits
62:15 Scale Barding Armor
73:16 Elite Skirmisher
74:06 Husbandry
73:27 Light Cavalry
Bøen
5:42 Loom
13:50 Feudal Age
14:35 Double-Bit Axe
14:44 Gold Mining
17:01 Castle Age
18:30 Bow Saw
18:57 Gold Shaft Mining
18:15 Stone Mining
23:29 Horse Collar
24:52 Heavy Plow
28:16 Stone Shaft Mining
31:54 Imperial Age
33:16 Ballistics
33:57 Chemistry
33:02 Siege Engineers
32:22 Heavy Scorpion
33:25 Conscription
34:20 Murder Holes
34:33 Siege Engineers
35:29 Chemistry
34:34 Double Crossbow
Connection lost

Rejoining the realm…

Still unreachable

The connection could not be restored.

Session expired

The server has moved on; the page needs a fresh start.